 Dungeon Crawl Stone Soup version 0.22-a0-351-g29664b4 (webtiles) character file.

42482 vishdafish the Spear-Bearer (level 14, -1/156 HPs)
             Began as an Octopode Berserker on Apr 12, 2018.
             Was a High Priest of Trog.
             Slain by a redback (7 damage)
             ... on level 6 of the Lair of Beasts.
             The game lasted 00:29:55 (19130 turns).

vishdafish the Spear-Bearer (Octopode Berserker)   Turns: 19130, Time: 00:29:56

Health: -1/156     AC:  5    Str: 24    XL:     14   Next: 20%
Magic:  14/14      EV: 21    Int: 16    God:    Trog [*****.]
Gold:   850        SH:  9    Dex: 12    Spells: 13/13 levels left

rFire    . . .     SeeInvis +   U - +1 demon trident (drain)
rCold    . . .     Gourm    .   C - +2 buckler {AC+3}
rNeg     . . .     Faith    .   (helmet restricted)
rPois    +         Spirit   .   (no amulet)
rElec    .         Reflect  .   D - ring of the Octopus King {AC+1 EV+1 Str+1 Int+1 Dex+1 Stlth+}
rCorr    .         Harm     .   F - ring of poison resistance
MR       +....                  P - ring of wizardry
Stlth    ..........             (no ring)
HPRegen  0.36/turn              (no ring)
MPRegen  0.14/turn              (no ring)
                                (no ring)
                                (no ring)

@: berserking (expiring), lethally poisoned (-1 -> -69), very quick
A: almost no armour, stealthy swim, amphibious, 8 rings, constrict 8, camouflage
1, see invisible, clever 1, gelatinous body 1
a: Berserk, Trog's Hand, Brothers in Arms, Renounce Religion


You were on level 6 of the Lair of Beasts.
You worshipped Trog.
Trog was extremely pleased with you.
You were not hungry.

You visited 2 branches of the dungeon, and saw 17 of its levels.

You collected 850 gold pieces.

Inventory:

Hand Weapons
 a - a +0 spear
 E - a +2 spear of freezing
 I - the +2 war axe of Loanor {chop, +Inv rC+ MP+9 Int-5}
   (You found it on level 10 of the Dungeon)

   It inflicts extra damage upon your enemies.
   It affects your intelligence (-5).
   It protects you from cold.
   It affects your magic capacity (+9).
   It lets you turn invisible.
 T - a +2 spear of venom
 U - a +1 demon trident of draining (weapon)
 W - a +0 blowgun
Missiles
 f - 2 javelins of penetration (quivered)
 V - 6 curare-tipped needles
Armour
 C - a +2 buckler of protection (worn)
Jewellery
 t - an uncursed ring of fire
 D - a ring of the Octopus King (left tentacle) {AC+1 EV+1 Str+1 Int+1 Dex+1 Stlth+}
   (You found it on level 8 of the Dungeon)

   [ring of stealth]

   It affects your AC (+1).
   It affects your evasion (+1).
   It affects your strength (+1).
   It affects your intelligence (+1).
   It affects your dexterity (+1).
   It makes you more stealthy.
 F - a ring of poison resistance (right tentacle)
 P - a ring of wizardry (on tentacle)
Wands
 r - a wand of random effects (24)
 s - a wand of digging (9)
 y - a wand of iceblast (5)
 G - a wand of flame (22)
 J - a wand of acid (2)
 K - a wand of clouds (7)
 O - a wand of scattershot (3)
Scrolls
 e - 3 scrolls of magic mapping {unknown}
 g - 12 scrolls of remove curse
 k - a scroll of immolation
 l - 3 scrolls of fear
 m - a scroll of enchant weapon
 v - 2 scrolls of noise {unknown}
 w - a scroll of random uselessness {unknown}
 A - a scroll of silence {unknown}
 B - 4 scrolls of amnesia
 H - 2 scrolls of enchant armour
 L - a scroll of holy word {unknown}
 M - 2 scrolls of blinking {unknown}
 N - 3 scrolls of fog {unknown}
 R - 2 scrolls of teleportation {unknown}
 S - a scroll of torment
Potions
 c - 5 potions of curing
 d - 2 potions of berserk rage
 h - 2 potions of resistance
 i - 4 potions of haste
 j - 3 potions of lignification
 n - 2 potions of degeneration
 o - a potion of brilliance
 p - 3 potions of magic
 q - a potion of ambrosia
 u - 2 potions of cancellation {unknown}
 x - 2 potions of invisibility
 z - 3 potions of agility
 Q - 4 potions of flight
Comestibles
 b - 22 rations


   Skills:
 + Level 12.3 Fighting
 + Level 12.5 Polearms
 + Level 12.3 Dodging
 - Level 3.3 Stealth
 - Level 12.0 Shields


You had 13 spell levels left.
You didn't know any spells.

Dungeon Overview and Level Annotations

Branches:
Dungeon (11/15)            Temple (0/1) D:7            Lair (6/6) D:10
 Shoals (0/4) Lair:4       Spider (0/4) Lair:4        Slime (0/5) Lair:5
    Orc (0/2) D:11

Altars:
Dithmenos
Hepliaklqana
Nemelex Xobeh
Okawaru
Ru
Trog
Yredelemnul
The Shining One
Jiyva

Shops:
D:11 =


Innate Abilities, Weirdness & Mutations

You cannot wear most types of armour.
You are very stealthy in the water. (Stealth+)
You are amphibious.
You can wear up to eight rings at the same time.
You can use your tentacles to constrict eight enemies at once.
Your skin changes colour to match your surroundings (Stealth+).
Your rubbery body absorbs attacks. (AC +1, EV +1)
You have supernaturally acute eyesight. (SInv)
Your mind is acute. (Int +2)


Message History

You puncture the black mamba! You drain the black mamba!
Your squeeze misses the black mamba.
The black mamba is severely wounded.
You constrict the black mamba.
* * * LOW HITPOINT WARNING * * *
You feel very sick. The black mamba closely misses you.
The black mamba completely misses you. The redback completely misses you.
The wolf spider hits you.
* * * LOW HITPOINT WARNING * * *
The wolf spider bites you.
* * * LOW HITPOINT WARNING * * *
You impale the black mamba!!
You kill the black mamba!
Trog accepts your kill.
* * * LOW HITPOINT WARNING * * *
You feel very sick.
The guardian serpent completely misses you.
The black mamba completely misses you. The redback barely misses you.
The redback bites you!
You die...

..........##...#....#...##...P...
.....PP....##..##..##..##....PP#P
.........÷÷.##.. #..##......P.+
.#...P###....#.. #.##.....####.
###<.## ###..).# #### ...###.P.#
#..## .###..##..## .## ...P..
##...# ...####....# ...... .....#
......†sPP.# ...... .†...#
......S@sP.# ...... .....#
...####sS..# ..P... .....#
###...)..## ...... .....##
###.†.#†.### ##.PP#
.....P###....##.## #.###
##..........##..# ....P
##.......[.##..##


PP.. .....#P...##...# P..# #....#P..##...## .... You could see a wolf spider, a
guardian serpent, a black mamba and 2 redbacks.

Vanquished Creatures
  Rupert (Lair:3)
  Fannar (Lair:1)
  A centaur warrior (D:9)
  2 hydras
  A two-headed ogre (D:9)
  Urug (Lair:2)
  Sonja (Lair:4)
  An unseen horror (D:11)
  Joseph (Lair:1)
  5 black mambas
  8 elephants
  14 spiny frogs
  2 rime drakes
  11 komodo dragons
  2 trolls
  3 hornets
  4 polar bears
  10 blink frogs
  10 hippogriffs
  Sigmund (D:4)
  A spriggan (D:7)
  2 redbacks (Lair:6)
  A wraith (D:9)
  10 wyverns
  25 yaks
  3 basilisks
  A hungry ghost (D:9)
  Grum (Lair:1)
  18 water moccasins
  14 porcupines
  An orc warrior (D:10)
  4 sky beasts
  2 ice beasts
  11 ogres
  5 black bears
  14 wolves
  3 centaurs
  9 crocodiles
  2 elf zombies (D:9)
  14 bullfrogs
  9 scorpions
  A troll zombie (D:9)
  3 killer bees (D:10)
  5 howler monkeys
  10 wights
  7 crimson imps
  2 centaur zombies
  A bullfrog zombie (D:10)
  A quasit (D:10)
  6 hounds
  3 human zombies (D:9)
  4 jellies (D:5)
  6 orc priests
  A bullfrog skeleton (D:4)
  4 centaur skeletons
  An orc wizard (D:6)
  2 iguanas
  A human skeleton (D:9)
  5 worker ants
  A hound skeleton (D:5)
  A hound zombie (D:7)
  4 mummies (D:9)
  7 gnolls
  16 adders
  3 shadow imps
  An ooze (D:6)
  2 worms
  3 dart slugs
  3 leopard geckos
  22 orcs
  3 ball pythons
  7 giant cockroaches
  8 goblins
  5 hobgoblins
  6 jackals
  10 kobolds
  8 quokkas
  3 bats
  5 frilled lizards
  A quokka skeleton (D:5)
  7 rats
  A fungus (D:10)
420 creatures vanquished.

Vanquished Creatures (collateral kills)
  An elephant (Lair:6)
  2 blink frogs (Lair:3)
3 creatures vanquished.

Vanquished Creatures (others)
  A crocodile (Lair:1)
  A bullfrog (D:9)
  12 bushes (D:10)
  43 fungi
  21 plants
78 creatures vanquished.

Grand Total: 501 creatures vanquished

Notes
Turn   | Place    | Note
-------+----------+-------------------------------------------
     0 | D:1      | vishdafish the Octopode Berserker began the quest for the Orb.
     0 | D:1      | Reached XP level 1. HP: 16/16 MP: 1/1
   145 | D:1      | Reached XP level 2. HP: 20/21 MP: 2/2
   647 | D:2      | Reached XP level 3. HP: 24/26 MP: 3/3
   652 | D:2      | Reached ** piety under Trog
   890 | D:2      | Reached skill level 1 in Stealth
  1564 | D:3      | Reached XP level 4. HP: 30/31 MP: 4/4
  1894 | D:3      | Found a shadowy altar of Dithmenos.
  1897 | D:3      | Found a hazy altar of Hepliaklqana.
  1899 | D:3      | Found a glowing golden altar of the Shining One.
  2228 | D:4      | Reached XP level 5. HP: 14/36 MP: 5/5
  3146 | D:4      | Noticed an ogre
  3152 | D:4      | Killed an ogre
  3152 | D:4      | Reached XP level 6. HP: 43/43 MP: 6/6
  3314 | D:4      | Reached skill level 5 in Polearms
  3318 | D:4      | Reached XP level 7. HP: 49/49 MP: 7/7
  3392 | D:4      | Noticed Sigmund
  3401 | D:4      | Killed Sigmund
  3401 | D:4      | Reached skill level 5 in Fighting
  3401 | D:4      | Reached skill level 5 in Dodging
  3404 | D:4      | Reached *** piety under Trog
  3881 | D:5      | Entered Level 5 of the Dungeon
  4077 | D:5      | Reached XP level 8. HP: 47/56 MP: 8/8
  5360 | D:6      | Reached XP level 9. HP: 61/63 MP: 9/9
  6154 | D:7      | Found a staircase to the Ecumenical Temple.
  6626 | D:7      | Reached **** piety under Trog
  7345 | D:8      | Found the ring of the Octopus King
  7353 | D:8      | Got a ring of the Octopus King
  7354 | D:8      | Identified a ring of the Octopus King {AC+1 EV+1 Str+1 Int+1 Dex+1 Stlth+} (You found it on level 8 of the Dungeon)
  7598 | D:8      | Reached XP level 10. HP: 72/72 MP: 10/10
  7684 | D:8      | Found a sacrificial altar of Ru.
  7984 | D:8      | Reached skill level 1 in Shields
  8544 | D:9      | Found a sparkling altar of Nemelex Xobeh.
  8871 | D:9      | Noticed a two-headed ogre
  8882 | D:9      | Killed a two-headed ogre
  8882 | D:9      | Reached skill level 5 in Shields
  9170 | D:9      | Noticed a centaur warrior
  9178 | D:9      | Killed a centaur warrior
  9298 | D:9      | Found an iron altar of Okawaru.
  9309 | D:9      | Reached ***** piety under Trog
  9523 | D:9      | Reached XP level 11. HP: 78/78 MP: 11/11
  9741 | D:9      | Found a basalt altar of Yredelemnul.
  9987 | D:10     | Entered Level 10 of the Dungeon
 10022 | D:10     | Found a bloodstained altar of Trog.
 10155 | D:10     | Reached skill level 10 in Shields
 10176 | D:10     | Got a dazzling war axe
 10185 | D:10     | Identified the +2 war axe of Loanor {chop, +Inv rC+ MP+9 Int-5} (You found it on level 10 of the Dungeon)
 10219 | D:10     | Found a staircase to the Lair.
 10842 | D:10     | Received a gift from Trog
 10919 | D:11     | Found a staircase to the Orcish Mines.
 10927 | D:11     | Found Ywkulid's Jewellery Shop.
 10962 | D:11     | Killed an unseen horror
 11646 | Lair:1   | Entered Level 1 of the Lair of Beasts
 11707 | Lair:1   | Noticed Grum
 11724 | Lair:1   | Killed Grum
 12051 | Lair:1   | Noticed Fannar
 12193 | Lair:1   | Killed Fannar
 12193 | Lair:1   | Reached XP level 12. HP: 84/84 MP: 12/12
 12276 | Lair:1   | Noticed an eight-headed hydra
 12282 | Lair:1   | Killed an eight-headed hydra
 12344 | Lair:1   | Noticed Joseph
 12351 | Lair:1   | Killed Joseph
 13023 | Lair:2   | Noticed Urug
 13036 | Lair:2   | Killed Urug
 14032 | Lair:3   | Reached skill level 10 in Polearms
 14157 | Lair:3   | Received a gift from Trog
 14457 | Lair:3   | Reached skill level 10 in Dodging
 14459 | Lair:3   | Reached skill level 10 in Fighting
 14721 | Lair:3   | Noticed Rupert
 14786 | Lair:3   | Killed Rupert
 15281 | Lair:4   | Found a staircase to the Shoals.
 15539 | Lair:4   | Gained mutation: Your mind is acute. (Int +2) [potion of mutation]
 15539 | Lair:4   | Gained mutation: You have supernaturally acute eyesight. (SInv) [potion of mutation]
 15546 | Lair:4   | Found a hole to the Spider Nest.
 15587 | Lair:4   | Reached XP level 13. HP: 93/93 MP: 13/13
 15921 | Lair:4   | Noticed Sonja
 15934 | Lair:4   | Killed Sonja
 16553 | Lair:5   | Found a viscous altar of Jiyva.
 16554 | Lair:5   | Found a staircase to the Slime Pits.
 17570 | Lair:6   | Entered Level 6 of the Lair of Beasts
 17690 | Lair:5   | Received a gift from Trog
 18554 | Lair:6   | Reached XP level 14. HP: 103/103 MP: 14/14
 19058 | Lair:6   | Received a gift from Trog
 19130 | Lair:6   | HP: 6/156 [poisoned by a redback]
 19130 | Lair:6   | Slain by a redback

Vault maps used:
D:1:      dpeg_arrival_tiny_k, serial_corexii_hall, corexii_hall_statues_x,
          corexii_hall_statues_x, corexii_hall_statues_t, corexii_hall_statues_t
D:2:      nicolae_overflow_hidden_temple
D:3:      grunt_temple_overflow_open
D:4:      cheibrodos_barr_body, first_ration, dk_noncrumbling_3,
          minmay_misc_feat_plants, minmay_misc_feat_roman, uniq_sigmund
D:5:      skrybe_limestone_x
D:7:      minmay_temple_entry_glassed_door, the_bakery
D:8:      basic_altar, serial_bayou_pond_e
D:9:      lemuel_flame_loot_2, lemuel_round_altar,
          lemuel_mausoleum_altar_yredelemnul, okawaru_metal_pillars_3
D:10:     due_lair_maze_entry_diamond, minmay_hedge_maze, trog_ov_bears_minmay
D:11:     orc_0_dummy, serial_shops, shop, corexii_checkpoint_a,
          hangedman_decor_growths
Lair:1:   lemuel_old_faithful, uniq_joseph, uniq_grum, uniq_fannar
Lair:2:   uniq_urug
Lair:3:   eino_small_chamber_without_monster, lemuel_fruit_fields, uniq_rupert
Lair:4:   elwin_shoals_entry_rooms, dummy_spider_entry, minivault_27,
          lemuel_fruit_tree, grunt_megastairs_4, uniq_sonja
Lair:5:   slime_altar_1, beast_lair_carwin_1, serial_bayou_shore_b,
          grunt_megastairs_1
Lair:6:   guppyfry_lair_end_dragon, hangedman_lair_tendril_chambers,
          nicolae_volcano_entry_batcave, serial_bayou_shore_a,
          grunt_megastairs_5

Skill      XL: |  1  2  3  4  5  6  7  8  9 10 11 12 13 |
---------------+----------------------------------------+-----
Stealth        | 1 3 |  3.3
Polearms       | 4 5 7 8 9 10 12 | 12.5
Fighting       | 4 5 6 8 10 12 | 12.3
Dodging        | 4 5 6 8 10 12 | 12.3
Shields        | 8 12 | 12.0

Action                   |  1- 3 |  4- 6 |  7- 9 | 10-12 | 13-15 || total
-------------------------+-------+-------+-------+-------+-------++-------
Melee: Spear             |    82 |    74 |   351 |   741 |   432 ||  1680
       Constrict         |    19 |    14 |    53 |    71 |    42 ||   199
       Tentacles         |    11 |    16 |    74 |   191 |   133 ||   425
       War axe           |       |       |       |     6 |       ||     6
       Demon trident     |       |       |       |       |    29 ||    29
Throw: Javelin           |       |       |       |     3 |     1 ||     4
Invok: Berserk           |     1 |     4 |    13 |    29 |    19 ||    66
       Brothers in Arms  |       |       |       |     2 |     1 ||     3
Evoke: Wand              |       |       |       |     3 |     7 ||    10
  Use: Scroll            |     8 |     1 |     2 |     7 |     2 ||    20
       Potion            |       |       |       |     1 |     2 ||     3
 Stab: Sleeping          |    10 |     4 |    11 |    31 |     6 ||    62
       Distracted        |       |     1 |       |     1 |     1 ||     3
       Confused          |       |       |       |       |     1 ||     1
  Eat: Chunk             |     2 |     9 |    20 |    33 |    16 ||    80
       Ration            |       |       |     2 |     6 |     4 ||    12
Armor: Skin              |     4 |     1 |     7 |    29 |    22 ||    63
Dodge: Dodged            |    26 |    26 |   155 |   224 |   242 ||   673
Block: Buckler           |       |       |       |   143 |   114 ||   257

Table legend:
 A = Spawn XP
 B = Non-spawn XP
 C = Spawn XP percentage of total XP
 D = Spawn monster count
 E = Non-spawn monster count
 F = Spawn count percentage of total count
 G = Total turns spent on level
                    A         B        C        D         E        F      G
               +---------+---------+-------+---------+---------+-------+---------
         Total |       0 |   60689 |   0.0 |       0 |     422 |   0.0 | 19130
               +---------+---------+-------+---------+---------+-------+---------
           D:1 |       0 |      29 |   0.0 |       0 |      17 |   0.0 |   602
           D:2 |       0 |      41 |   0.0 |       0 |      24 |   0.0 |   927
           D:3 |       0 |      61 |   0.0 |       0 |      13 |   0.0 |   642
           D:4 |       0 |     927 |   0.0 |       0 |      27 |   0.0 |  1710
           D:5 |       0 |     510 |   0.0 |       0 |      18 |   0.0 |  1183
           D:6 |       0 |     891 |   0.0 |       0 |      21 |   0.0 |   833
           D:7 |       0 |    1558 |   0.0 |       0 |      32 |   0.0 |  1448
           D:8 |       0 |     943 |   0.0 |       0 |      15 |   0.0 |  1174
           D:9 |       0 |    4937 |   0.0 |       0 |      38 |   0.0 |  1468
          D:10 |       0 |    4372 |   0.0 |       0 |      37 |   0.0 |   952
          D:11 |       0 |    1824 |   0.0 |       0 |      16 |   0.0 |   707
        Lair:1 |       0 |    3976 |   0.0 |       0 |      12 |   0.0 |  1131
        Lair:2 |       0 |    2854 |   0.0 |       0 |      11 |   0.0 |   859
        Lair:3 |       0 |    7175 |   0.0 |       0 |      28 |   0.0 |  1429
        Lair:4 |       0 |    5776 |   0.0 |       0 |      24 |   0.0 |  1360
        Lair:5 |       0 |    8998 |   0.0 |       0 |      34 |   0.0 |  1566
        Lair:6 |       0 |   15817 |   0.0 |       0 |      55 |   0.0 |  1139
               +---------+---------+-------+---------+---------+-------+---------
